IL
COLUMBUS CLIPPERS @ ROCHESTER RED WINGS
08/05/2047
 
TOP OF THE 1ST
Columbus Clippers batting - Pitching for Rochester Red Wings : LHP Brian Walters
Pitching: LHP Brian Walters
Batting: RHB Jason Sher 0-0: Foul Ball, location: 2F
0-1: Called Strike
0-2: Ball
1-2: Ground out 6-3 (Groundball, 6, EV 102.5 MPH)
Batting: LHB John Harring 0-0: Fly out, F7 (Line Drive, 7S, EV 105.0 MPH)
Batting: RHB Wen-hua Lei 0-0: Ball
1-0: Foul Ball, location: 2F
1-1: Fly out, F4 (Line Drive, 4, EV 75.0 MPH)
Top of the 1st over - 0 runs, 0 hits, 0 errors, 0 left on base; Columbus 0 - Rochester 0
BOTTOM OF THE 1ST
Rochester Red Wings batting - Pitching for Columbus Clippers : RHP Josh Hoeye
Pitching: RHP Josh Hoeye
Batting: RHB Manuel Juarez 0-0: Foul Ball, location: 2F
0-1: Swinging Strike
0-2: Ball
1-2: Foul Ball, location: 2F
1-2: Strikes out swinging
Batting: LHB Matt Robertson 0-0: Ball
1-0: Foul Ball, location: 2F
1-1: Ball
2-1: Foul Ball, location: 2F
2-2: Ball
3-2: Strikes out swinging
Batting: LHB Jayden Thomas 0-0: Ball
1-0: Called Strike
1-1: Foul Ball, location: 2F
1-2: Ball
2-2: Strikes out looking
Bottom of the 1st over - 0 runs, 0 hits, 0 errors, 0 left on base; Columbus 0 - Rochester 0
TOP OF THE 2ND
Columbus Clippers batting - Pitching for Rochester Red Wings : LHP Brian Walters
Batting: SHB Dan Hill 0-0: Foul Ball, location: 2F
0-1: Called Strike
0-2: Foul Ball, location: 2F
0-2: Reached on error, E4 (Groundball, 4M, EV 88.8 MPH)
Batting: LHB Gabe White 0-0: Called Strike
0-1: Swinging Strike
0-2: Foul Ball, location: 2F
0-2: Ball
1-2: Foul Ball, location: 2F
1-2: SINGLE (Groundball, 56, EV 98.1 MPH)
Dan Hill to second
Batting: RHB Justin Ganey 0-0: Foul Ball, location: 2F
0-1: Ball
1-1: Fly out, F6 (Popup, 6M, EV 56.2 MPH)
Batting: LHB Brent Albertson 0-0: Ball
1-0: Swinging Strike
1-1: Foul Ball, location: 2F
1-2: SINGLE (Groundball, 6M, EV 105.0 MPH)
Dan Hill to third
Gabe White to second
Runner from 3rd tries for Home, SAFE, throw by CF to home
Batting: RHB Josh Hoeye 0-0: Called Strike
0-1: Ball
1-1: Ball
2-1: Ball
3-1: Foul Ball, location: 2F
3-2: Strikes out swinging
Batting: LHB Nick Welling 0-0: Foul Ball, location: 2F
0-1: Ball
1-1: Foul Ball, location: 2F
1-2: Ball
2-2: Ball
3-2: Base on Balls
Gabe White to third
Brent Albertson to second
Batting: RHB Jason Sher 0-0: Fly out, F8 (Flyball, 8RM, EV 90.6 MPH)
Top of the 2nd over - 1 run, 2 hits, 1 error, 3 left on base; Columbus 1 - Rochester 0
BOTTOM OF THE 2ND
Rochester Red Wings batting - Pitching for Columbus Clippers : RHP Josh Hoeye
Batting: RHB Israel Gaona 0-0: Ball
1-0: Called Strike
1-1: Fly out, F9 (Flyball, 89S, EV 81.2 MPH)
Batting: LHB Israel Montoya 0-0: Called Strike
0-1: Foul Ball, location: 2F
0-2: Strikes out swinging
Batting: RHB Jose Nunez 0-0: Called Strike
0-1: Ball
1-1: Ball
2-1: Foul Ball, location: 2F
2-2: Strikes out swinging
Bottom of the 2nd over - 0 runs, 0 hits, 0 errors, 0 left on base; Columbus 1 - Rochester 0
TOP OF THE 3RD
Columbus Clippers batting - Pitching for Rochester Red Wings : LHP Brian Walters
Batting: LHB John Harring 0-0: Ball
1-0: Ball
2-0: Swinging Strike
2-1: Ball
3-1: Base on Balls
Batting: RHB Wen-hua Lei 0-0: Ball
1-0: Called Strike
1-1: Foul Ball, location: 2F
1-2: Fly out, F7 (Line Drive, 7, EV 109.4 MPH)
Batting: SHB Dan Hill 0-0: Ball
1-0: Called Strike
John Harring steals 2nd base
1-1: Ball
2-1: SINGLE (Groundball, 6D, EV 102.5 MPH)
John Harring to third
Throwing error, E8
John Harring scores
Dan Hill to second
Batting: LHB Gabe White 0-0: Foul Ball, location: 2F
0-1: Foul Ball, location: 2F
0-2: Foul Ball, location: 2F
0-2: SINGLE (Groundball, 4D, EV 106.2 MPH)
Dan Hill to third
Runner from 3rd tries for Home, SAFE, throw by CF to home
Gabe White to second
Batting: RHB Justin Ganey 0-0: Called Strike
0-1: 2-RUN HOME RUN (Flyball, 78XD, EV 96.9 MPH), Distance : 394 ft
Pitching: LHP Ryan Fulford
Batting: LHB Brent Albertson 0-0: Called Strike
0-1: Called Strike
0-2: Strikes out looking
Batting: RHB Josh Hoeye 0-0: Called Strike
0-1: Ground out 6-3 (Groundball, 6, EV 107.5 MPH)
Top of the 3rd over - 4 runs, 3 hits, 1 error, 0 left on base; Columbus 5 - Rochester 0
BOTTOM OF THE 3RD
Rochester Red Wings batting - Pitching for Columbus Clippers : RHP Josh Hoeye
Batting: SHB Bud Puffer 0-0: Ball
1-0: Ball
2-0: Called Strike
2-1: Called Strike
2-2: Ground out 1-3 (Groundball, 13S, EV 65.6 MPH)
Batting: RHB Jimmy Mayville 0-0: Foul Ball, location: 2F
0-1: Foul Ball, location: 2F
0-2: Foul Ball, location: 2F
0-2: Ball
1-2: Strikes out swinging
Batting: RHB Jon Hice 0-0: SINGLE (Groundball, 34D, EV 98.8 MPH)
Batting: RHB Manuel Juarez 0-0: Ball
1-0: Swinging Strike
1-1: Called Strike
1-2: Strikes out swinging
Bottom of the 3rd over - 0 runs, 1 hit, 0 errors, 1 left on base; Columbus 5 - Rochester 0
TOP OF THE 4TH
Columbus Clippers batting - Pitching for Rochester Red Wings : LHP Ryan Fulford
Batting: LHB Nick Welling 0-0: Called Strike
0-1: Foul Ball, location: 2F
0-2: Ball
1-2: Strikes out swinging
Batting: RHB Jason Sher 0-0: Foul Ball, location: 2F
0-1: Swinging Strike
0-2: Ball
1-2: Ball
2-2: Ground out 4-3 (Groundball, 34, EV 79.4 MPH)
Batting: LHB John Harring 0-0: Ball
1-0: Foul Ball, location: 2F
1-1: SOLO HOME RUN (Flyball, 78XD, EV 96.2 MPH), Distance : 399 ft
Batting: RHB Wen-hua Lei 0-0: Called Strike
0-1: Foul Ball, location: 2F
0-2: Foul Ball, location: 2F
0-2: Foul Ball, location: 2F
0-2: Strikes out looking
Top of the 4th over - 1 run, 1 hit, 0 errors, 0 left on base; Columbus 6 - Rochester 0
BOTTOM OF THE 4TH
Rochester Red Wings batting - Pitching for Columbus Clippers : RHP Josh Hoeye
Batting: LHB Matt Robertson 0-0: Called Strike
0-1: Swinging Strike
0-2: Ball
1-2: Ball
2-2: Strikes out swinging
Batting: LHB Jayden Thomas 0-0: Ball
1-0: Foul Ball, location: 2F
1-1: SINGLE (Groundball, 3S, EV 75.0 MPH) (infield hit)
Batting: RHB Israel Gaona 0-0: Ball
1-0: Ball
2-0: Called Strike
2-1: Ball
3-1: Called Strike
3-2: Foul Ball, location: 2F
3-2: Foul Ball, location: 2F
3-2: Base on Balls
Jayden Thomas to second
Batting: LHB Israel Montoya 0-0: Ball
1-0: Grounds into double play, 4-6-3 (Groundball, 34, EV 84.4 MPH)
Bottom of the 4th over - 0 runs, 1 hit, 0 errors, 1 left on base; Columbus 6 - Rochester 0
TOP OF THE 5TH
Columbus Clippers batting - Pitching for Rochester Red Wings : LHP Ryan Fulford
Batting: SHB Dan Hill 0-0: Ball
1-0: Foul Ball, location: 2F
1-1: SINGLE (Groundball, 34D, EV 103.8 MPH)
Batting: LHB Gabe White 0-0: Foul Ball, location: 2F
0-1: Ball
1-1: Fielders Choice at 2nd, 6-4 (Groundball, 6, EV 89.4 MPH)
Batting: RHB Justin Ganey 0-0: Ball
1-0: Ball
2-0: Fly out, F8 (Flyball, 8RM, EV 90.6 MPH)
Batting: LHB Brent Albertson 0-0: Called Strike
Gabe White steals 2nd base
0-1: Called Strike
0-2: Foul Ball, location: 2F
0-2: Ball
1-2: Ball
2-2: Ball
3-2: Foul Ball, location: 2F
3-2: Strikes out swinging
Top of the 5th over - 0 runs, 1 hit, 0 errors, 1 left on base; Columbus 6 - Rochester 0
BOTTOM OF THE 5TH
Rochester Red Wings batting - Pitching for Columbus Clippers : RHP Josh Hoeye
Batting: RHB Jose Nunez 0-0: Foul Ball, location: 2F
0-1: Swinging Strike
0-2: Foul Ball, location: 2F
0-2: Strikes out swinging
Batting: SHB Bud Puffer 0-0: Swinging Strike
0-1: Swinging Strike
0-2: Strikes out swinging
Batting: RHB Jimmy Mayville 0-0: Ground out 5-3 (Groundball, 56, EV 101.9 MPH)
Bottom of the 5th over - 0 runs, 0 hits, 0 errors, 0 left on base; Columbus 6 - Rochester 0
TOP OF THE 6TH
Columbus Clippers batting - Pitching for Rochester Red Wings : LHP Ryan Fulford
Batting: RHB Josh Hoeye 0-0: Called Strike
0-1: Ball
1-1: Swinging Strike
1-2: Ball
2-2: Ball
3-2: Base on Balls
Batting: LHB Nick Welling 0-0: Ball
1-0: Called Strike
Josh Hoeye steals 2nd base (no throw)
1-1: SINGLE (Groundball, 6S, EV 74.4 MPH) (infield hit)
Josh Hoeye to third
Pitching: RHP George Cooper
Batting: RHB Jason Sher 0-0: Ball
1-0: Fly out, F9 (Flyball, 89S, EV 88.8 MPH)
Batting: LHB John Harring 0-0: DOUBLE (Line Drive, 5D, EV 110.6 MPH)
Josh Hoeye scores
Nick Welling to third
Runner from 3rd tries for Home, throw by LF and OUT! 7-6-2
Batting: RHB Wen-hua Lei 0-0: Ball
1-0: Ball
2-0: Called Strike
2-1: Ball
3-1: Base on Balls
Batting: SHB Dan Hill 0-0: Ball
1-0: Ball
2-0: Called Strike
2-1: Foul Ball, location: 2F
2-2: Strikes out swinging
Top of the 6th over - 1 run, 2 hits, 0 errors, 2 left on base; Columbus 7 - Rochester 0
BOTTOM OF THE 6TH
Rochester Red Wings batting - Pitching for Columbus Clippers : RHP Josh Hoeye
Batting: RHB Jon Hice 0-0: Swinging Strike
0-1: Swinging Strike
0-2: Foul Ball, location: 2F
0-2: Foul Ball, location: 2F
0-2: Strikes out swinging
Batting: RHB Manuel Juarez 0-0: Called Strike
0-1: Ground out 1-3 (Groundball, 15S, EV 74.4 MPH)
Batting: LHB Matt Robertson 0-0: Ball
1-0: Swinging Strike
1-1: Called Strike
1-2: Ball
2-2: Strikes out looking
Bottom of the 6th over - 0 runs, 0 hits, 0 errors, 0 left on base; Columbus 7 - Rochester 0
TOP OF THE 7TH
Columbus Clippers batting - Pitching for Rochester Red Wings : RHP George Cooper
Batting: LHB Gabe White 0-0: Called Strike
0-1: Foul Ball, location: 2F
0-2: Ball
1-2: Foul Ball, location: 2F
1-2: Strikes out swinging
Batting: RHB Justin Ganey 0-0: Ball
1-0: Ball
2-0: Foul Ball, location: 2F
2-1: Foul Ball, location: 2F
2-2: Ball
3-2: Ground out 6-3 (Groundball, 6, EV 82.5 MPH)
Batting: LHB Brent Albertson 0-0: Called Strike
0-1: Foul Ball, location: 2F
0-2: DOUBLE (Line Drive, 78M, EV 97.5 MPH)
Batting: RHB Josh Hoeye 0-0: Swinging Strike
0-1: Ball
1-1: Foul Ball, location: 2F
1-2: Strikes out swinging
Top of the 7th over - 0 runs, 1 hit, 0 errors, 1 left on base; Columbus 7 - Rochester 0
BOTTOM OF THE 7TH
Rochester Red Wings batting - Pitching for Columbus Clippers : RHP Josh Hoeye
Batting: LHB Jayden Thomas 0-0: SINGLE (Groundball, 4D, EV 106.2 MPH)
Batting: RHB Israel Gaona 0-0: Called Strike
0-1: Called Strike
0-2: Foul Ball, location: 2F
0-2: Strikes out swinging
Batting: LHB Israel Montoya 0-0: Ball
1-0: Fly out, F8 (Line Drive, 8LM, EV 95.6 MPH)
Batting: RHB Jose Nunez 0-0: Ball
1-0: Swinging Strike
1-1: Foul Ball, location: 2F
1-2: Strikes out swinging
Bottom of the 7th over - 0 runs, 1 hit, 0 errors, 1 left on base; Columbus 7 - Rochester 0
TOP OF THE 8TH
Columbus Clippers batting - Pitching for Rochester Red Wings : RHP George Cooper
Batting: LHB Nick Welling 0-0: Foul Ball, location: 2F
0-1: Ball
1-1: Foul Ball, location: 2F
1-2: Strikes out swinging
Batting: RHB Jason Sher 0-0: Foul Ball, location: 2F
0-1: Foul Ball, location: 2F
0-2: Ball
1-2: Strikes out swinging
Batting: LHB John Harring 0-0: SINGLE (Line Drive, 89M, EV 91.2 MPH)
Batting: RHB Wen-hua Lei 0-0: Called Strike
0-1: Ball
1-1: Foul Ball, location: 2F
1-2: Ball
2-2: Ball
3-2: Strikes out looking
Top of the 8th over - 0 runs, 1 hit, 0 errors, 1 left on base; Columbus 7 - Rochester 0
BOTTOM OF THE 8TH
Rochester Red Wings batting - Pitching for Columbus Clippers : RHP Josh Hoeye
Batting: SHB Bud Puffer 0-0: Ball
1-0: Swinging Strike
1-1: Foul Ball, location: 2F
1-2: Ball
2-2: Ball
3-2: Reached on error, E4 (Groundball, 4M, EV 91.2 MPH)
Batting: RHB Jimmy Mayville 0-0: Called Strike
0-1: Swinging Strike
0-2: Ball
1-2: Ball
2-2: Strikes out swinging
Batting: RHB Jon Hice 0-0: Ball
1-0: Foul Ball, location: 2F
1-1: Ball
2-1: SINGLE (Groundball, 34D, EV 106.9 MPH)
Bud Puffer to third
Runner from 3rd tries for Home, SAFE, throw by RF to home
Jon Hice to second
Batting: RHB Manuel Juarez Balk!
Jon Hice to third
0-0: Ball
1-0: Called Strike
1-1: Ground out 6-3 (Groundball, 6, EV 80.0 MPH)
Jon Hice scores
Batting: LHB Matt Robertson 0-0: Ball
1-0: Foul Ball, location: 2F
1-1: Fly out, F8 (Line Drive, 78M, EV 94.4 MPH)
Bottom of the 8th over - 2 runs, 1 hit, 1 error, 0 left on base; Columbus 7 - Rochester 2
TOP OF THE 9TH
Columbus Clippers batting - Pitching for Rochester Red Wings : RHP George Cooper
Pitching: LHP Inkei Wakamatsu
Batting: SHB Dan Hill 0-0: Ball
1-0: Foul Ball, location: 2F
1-1: Foul Ball, location: 2F
1-2: Foul Ball, location: 2F
1-2: Ball
2-2: Ground out 6-3 (Groundball, 6, EV 101.2 MPH)
Batting: LHB Gabe White 0-0: Ball
1-0: Ball
2-0: Called Strike
2-1: Foul Ball, location: 2F
2-2: Ball
3-2: Strikes out swinging
Batting: RHB Justin Ganey 0-0: Called Strike
0-1: Ball
1-1: Ball
2-1: Foul Ball, location: 2F
2-2: Strikes out swinging
Top of the 9th over - 0 runs, 0 hits, 0 errors, 0 left on base; Columbus 7 - Rochester 2
BOTTOM OF THE 9TH
Rochester Red Wings batting - Pitching for Columbus Clippers : RHP Josh Hoeye
Batting: LHB Jayden Thomas 0-0: Ball
1-0: Called Strike
1-1: Foul Ball, location: 2F
1-2: Foul Ball, location: 2F
1-2: Strikes out swinging
Batting: RHB Israel Gaona 0-0: Ball
1-0: SINGLE (Line Drive, 9LS, EV 91.2 MPH)
Batting: LHB Israel Montoya 0-0: Ball
1-0: Foul Ball, location: 2F
1-1: Ball
2-1: Foul Ball, location: 2F
2-2: Foul Ball, location: 2F
2-2: Ball
3-2: Strikes out swinging
Israel Gaona steals 2nd base
Batter strikes out.
Pitching: LHP Rene Eenkhoorn
Batting: RHB Jose Nunez 0-0: Ball
1-0: Foul Ball, location: 2F
1-1: Swinging Strike
1-2: Strikes out swinging
Bottom of the 9th over - 0 runs, 1 hit, 0 errors, 1 left on base; Columbus 7 - Rochester 2
Thursday, December 15th , 2022 - OOTP Baseball 23.9 Build 102